 Dungeon Crawl Stone Soup version 0.30-a0-4-ga7cffc901d (webtiles) character file.

Game seed: 4091006738121040104

737 Setbun the Slicer (level 8, 0/51 HPs)
             Began as a Kobold Berserker on Aug 20, 2022.
             Was a Priest of Trog.
             Slain by a bullfrog (6 damage)
             ... in a sewer.
             The game lasted 00:10:12 (6689 turns).

Setbun the Slicer (Kobold Berserker)                Turns: 6689, Time: 00:10:13

Health: 0/51       AC:  4    Str: 15    XL:     8   Next: 4%
Magic:  8/8        EV: 15    Int:  8    God:    Trog [***...]
Gold:   237        SH:  5    Dex: 16    Spells: 7/7 levels left

rFire   . . .      SeeInvis .    n - +1 dagger (holy)
rCold   + . .      Faith    .    (no shield)
rNeg    . . .      Spirit   .    b - +0 animal skin
rPois   .          Reflect  +    (no helmet)
rElec   .          Harm     .    p - +0 cloak
rCorr   .          Rampage  .    (no gloves)
Will    .....                    q - +0 pair of boots
Stlth   ++........               u - amulet of reflection
HPRegen 0.17/turn                h - ring of protection from cold
MPRegen 0.11/turn                (no ring)

@: no status effects
A: small, no large weapons, nightstalker 3
a: Renounce Religion, Berserk, Trog's Hand


You were in a sewer.
You worshipped Trog.
Trog was most pleased with you.
You visited 1 branch of the dungeon, and saw 5 of its levels.
You also visited: Sewer.

You collected 237 gold pieces.

Inventory:

Hand Weapons
 a - a +0 short sword
 n - a +1 dagger of holy wrath (weapon)
Armour
 b - a +0 animal skin (worn)
 p - a +0 cloak (worn)
 q - a +0 pair of boots (worn)
Jewellery
 h - a ring of protection from cold (left hand)
 u - an amulet of reflection (around neck)
 w - a ring of protection from cold
Wands
 c - a wand of flame (14)
 f - a wand of quicksilver (8)
 j - a wand of mindburst (16)
Scrolls
 d - 6 scrolls of identify {unknown}
 i - 3 scrolls of teleportation {unknown}
 k - a scroll of fear {unknown}
 l - 2 scrolls of vulnerability {unknown}
 m - a scroll of noise {unknown}
 s - a scroll of fog {unknown}
 t - a scroll of immolation {unknown}
Potions
 e - a potion of attraction
 g - a potion of cancellation {unknown}
 o - a potion of mutation {unknown}
 r - a potion of curing {unknown}
 v - a potion of might {unknown}


   Skills:
 + Level 6.1 Fighting
 * Level 9.8 Short Blades
 - Level 1.5 Armour
 - Level 2.4 Dodging


You had 7 spell levels left.
You didn't know any spells.
Your spell library was empty.

Dungeon Overview and Level Annotations

Branches:
Dungeon (5/15)             Temple (0/1) D:4           Sewer (1/1)

Altars:
Kikubaaqudgha
Sif Muna

Shops:
D:2 *


Innate Abilities, Weirdness & Mutations

You are small and have problems with some larger weapons.
You are completely attuned to the shadows.


Message History

You have reached level 8!
You block the bullfrog's attack.
You closely miss the bullfrog. The bullfrog hits you!
You barely miss the bullfrog. The bullfrog misses you.
You hit the bullfrog.
The bullfrog is moderately wounded.
You closely miss the bullfrog.
The bullfrog is moderately wounded.
The bullfrog hits you!
You barely miss the bullfrog.
The bullfrog is moderately wounded.
The bullfrog hits you.
You hit the bullfrog.
The bullfrog is moderately wounded.
The bullfrog hits you but does no damage.
You hit the bullfrog.
The bullfrog is heavily wounded.
The bullfrog hits you.
You barely miss the bullfrog.
The bullfrog is heavily wounded.
You hit the bullfrog.
The bullfrog is heavily wounded.
The bullfrog hits you!
* * * LOW HITPOINT WARNING * * *
You hit the bullfrog.
The bullfrog is heavily wounded.
The bullfrog completely misses you.
You barely miss the bullfrog.
The bullfrog is heavily wounded.
You hit the bullfrog.
The bullfrog is severely wounded.
You block the bullfrog's attack.
You hit the bullfrog but do no damage. Your punch misses the bullfrog.
The bullfrog is severely wounded.
The bullfrog hits you.
* * * LOW HITPOINT WARNING * * *
You completely miss the bullfrog.
The bullfrog is severely wounded.
The bullfrog hits you.
You die...

~~~##~~≈~.# #.#
.~~##.~≈~.# ## #.#
.~~##.~≈~.###≈≈ #.#
~~~##.~≈~.#≈≈≈≈ #†#
...##.~≈~.#≈≈≈≈≈≈≈≈≈#
#.#
#~###.~≈~.~≈~≈≈≈≈≈≈≈≈
#.# #.#
#.~≈~.≈~≈≈≈≈≈≈≈≈≈ #.#
#.# #.~≈~.≈≈≈≈≈≈F≈≈≈≈
#.# #∩#
#.~≈~.≈≈≈≈≈.@~≈≈≈ #.#
#.# #.~≈~~≈≈≈≈~$..≈≈≈
#.# #∩#
#.~≈~~≈≈≈~}[(.≈≈≈ #.#
#.# #.~≈~≈≈≈≈~~[?≈≈≈≈
#.# ###
#.~≈≈~≈≈~~~~~≈≈≈≈ #.#
#.~≈~≈~≈~~~...≈≈≈ #.#
#.~≈~≈~≈~~..~..≈≈ #.#
#.~≈≈~≈≈~†≈.~.∩~≈ #~#
#.~≈≈~≈≈≈~≈≈~.~≈≈ #~#


You could see a bullfrog.

Vanquished Creatures
  2 black bears
  A phantom (D:4)
  A bullfrog (Sewer)
  A scorpion (D:3)
  A hound (D:5)
  2 orc priests (D:4)
  Crazy Yiuf (D:3)
  Ijyb (D:3)
  2 orc wizards (D:4)
  9 adders
  An ufetubus (D:5)
  A worm (D:4)
  A dart slug (D:2)
  2 orcs
  4 ball pythons
  7 endoplasms
  12 giant cockroaches
  4 goblins
  10 hobgoblins
  4 kobolds
  10 quokkas
  3 bats (D:1)
  14 frilled lizards
  6 rats
100 creatures vanquished.

Vanquished Creatures (others)
  12 plants (D:2)
12 creatures vanquished.

Grand Total: 112 creatures vanquished

Notes
Turn   | Place    | Note
-------+----------+-------------------------------------------
     0 | D:1      | Setbun the Kobold Berserker began the quest for the Orb.
     0 | D:1      | Reached XP level 1. HP: 14/14 MP: 1/1
   287 | D:1      | Reached XP level 2. HP: 14/19 MP: 2/2
   894 | D:1      | Reached XP level 3. HP: 18/24 MP: 3/3
  1025 | D:1      | Reached skill level 5 in Short Blades
  1158 | D:2      | Found a shimmering blue altar of Sif Muna.
  1224 | D:2      | Found a faded altar of an unknown god.
  1267 | D:2      | Found Biegeoxim's General Store.
  1579 | D:2      | Reached ** piety under Trog
  1831 | D:2      | Reached XP level 4. HP: 24/29 MP: 4/4
  2672 | D:3      | Noticed Ijyb
  2680 | D:3      | Killed Ijyb
  2681 | D:3      | Reached skill level 6 in Short Blades
  2681 | D:3      | Reached XP level 5. HP: 33/33 MP: 5/5
  3414 | D:3      | Found a runed translucent door.
  3417 | D:3      | Noticed Crazy Yiuf
  3818 | D:3      | Killed Crazy Yiuf
  3904 | D:4      | Reached skill level 7 in Short Blades
  4228 | D:4      | Reached XP level 6. HP: 29/39 MP: 6/6
  4286 | D:3      | HP: 1/39 [poisoned by a scorpion]
  4306 | D:3      | Reached skill level 5 in Fighting
  5249 | D:4      | Noticed a black bear
  5252 | D:4      | Killed a black bear
  5253 | D:4      | Reached skill level 8 in Short Blades
  5253 | D:4      | Reached XP level 7. HP: 44/44 MP: 7/7
  5285 | D:4      | Found an ancient bone altar of Kikubaaqudgha.
  5374 | D:4      | Found a staircase to the Ecumenical Temple.
  5850 | D:5      | Entered Level 5 of the Dungeon
  5941 | D:5      | Reached skill level 9 in Short Blades
  6223 | D:5      | Found a glowing drain.
  6251 | Sewer    | Entered a sewer
  6516 | Sewer    | Reached *** piety under Trog
  6675 | Sewer    | Reached XP level 8. HP: 39/51 MP: 8/8
  6689 | Sewer    | Slain by a bullfrog

Illustrated notes

Levels and vault maps discovered:
D:1:      zelgadis_glass_arrival_small, layout_rooms
D:2:      layout_loops_ring, basic_altar, serial_shops, nicolae_lakefront_shop,
          shapermc_ecumenical_altar_totnotflames, hangedman_glass_teeth,
          grunt_decor_one_mirror, serial_bayou_lagoon_b
D:3:      layout_basic, serial_curves, eino_curves_03, eino_curves_03,
          uniq_crazy_yiuf_cottage, uniq_ijyb
D:4:      layout_basic, mainiacjoe_overflow_paths, temple_green
D:5:      layout_loops_cross, portal_sewer_entry_f, minivault_11
Sewer:    sewer_frog_island_01

Skill      XL: |  1  2  3  4  5  6  7 |
---------------+----------------------+-----
Short Blades   | 5 6 7 8 9 |  9.8
Fighting       | 4 5 6 |  6.1
Armour         | |  1.5
Dodging        | |  2.4

Action                   |  1- 3 |  4- 6 |  7- 9 || total
-------------------------+-------+-------+-------++-------
Melee: Short sword       |   117 |    62 |       ||   179
       Dagger            |       |   115 |   194 ||   309
       Punch             |       |     1 |       ||     1
Invok: Berserk           |       |     4 |       ||     4
  Use: Potion            |       |     2 |       ||     2
 Stab: Sleeping          |     7 |    14 |     7 ||    28
Armor: Animal skin       |    17 |    19 |    29 ||    65
Dodge: Dodged            |    83 |   100 |   136 ||   319
Block: Other             |       |       |    15 ||    15

Table legend: (Time is in decaauts)
 A = Elapsed time spent in this place.
 B = Non-inter-level travel time spent in this place.
 C = Inter-level travel time spent in this place.
 D = Time resting spent in this place.
 E = Time spent auto-exploring this place.
 F = Levels seen in this place.
 G = Mean time per level.
                   A        B        C        D        E       F      G
               +--------+--------+--------+--------+--------+-----+--------+
         Total |   6646 |   6471 |    175 |   1508 |   3726 |   6 | 1107.7 |
       Dungeon |   6217 |   6042 |    175 |   1445 |   3557 |   5 | 1243.4 |
         Sewer |    429 |    429 |      0 |     63 |    168 |   1 |  429.0 |
               +--------+--------+--------+--------+--------+-----+--------+

Top non-repeatable levels by time:
     D:3: 1728 daAuts
     D:2: 1562 daAuts
     D:4: 1428 daAuts
     D:1: 1120 daAuts
   Sewer: 429 daAuts
     D:5: 377 daAuts
